 Dungeon Crawl Stone Soup version 0.30-a0-1085-g990a428a5c (webtiles) character file.

Game seed: 12440332680425355122

56 zlionsfan the Poker (level 3, -2/25 (37) HPs)
             Began as an Ogre Reaver on Apr 17, 2023.
             Slain by a white imp (5 damage)
             ... on level 3 of the Dungeon.
             The game lasted 00:06:02 (1459 turns).

zlionsfan the Poker (Ogre Reaver)                   Turns: 1459, Time: 00:06:03

HP:   -2/25 (37)    AC:  3    Str: 16    XL:     3   Next: 95%
MP:   5/7           EV: 10    Int: 16    God:
Gold: 131           SH:  0    Dex: 13    Spells: 4/7 levels left

rFire   . . .      SeeInvis .    a - +0 spear
rCold   . . .      Faith    .    (no shield)
rNeg    . . .      Spirit   .    b - +0 robe
rPois   .          Reflect  .    (helmet restricted)
rElec   .          Rampage  .    (no cloak)
rCorr   +                        (gloves unavailable)
Will    .....                    (boots unavailable)
Stlth   +                        d - amulet of regeneration
HPRegen 1.04/turn                g - ring of resist corrosion
MPRegen 0.10/turn                k - +6 ring of dexterity

@: very heavily drained
A: large, unfitting armour, tough skin 1
a: no special abilities


You were on level 3 of the Dungeon.
You visited 1 branch of the dungeon, and saw 3 of its levels.

You collected 131 gold pieces.

Inventory:

Hand Weapons
 a - a +0 spear (weapon)
Missiles
 j - 5 silver javelins (quivered)
Armour
 b - a +0 robe (worn)
Jewellery
 d - an amulet of regeneration (around neck)
 g - a ring of resist corrosion (left hand)
 k - a +6 ring of dexterity (right hand)
Scrolls
 c - 2 scrolls of teleportation {unknown}
 h - 3 scrolls of identify {unknown}
 i - a scroll of blinking {unknown}
Potions
 e - a potion of attraction {unknown}
 f - a potion of ambrosia {unknown}
 l - a potion of flight {unknown}
 m - a potion of curing {unknown}
 n - a potion of brilliance {unknown}


   Skills:
 * Level 3.3 Fighting
 + Level 3.4 Polearms
 + Level 0.1 Throwing
 + Level 1.8 Dodging
 + Level 0.1 Stealth
 * Level 2.8 Spellcasting
 + Level 2.9 Conjurations
 * Level 1.4 Necromancy


You had 4 spell levels left.
You knew the following spells:

 Your Spells              Type           Power      Damage    Failure   Level
a - Kiss of Death         Conj/Necr      36%        2d8       8%          1
b - Momentum Strike       Conj/Tloc      12%        3d8       16%         2

Your spell library contained the following spells:

 Spells                   Type           Power      Damage    Failure   Level
 Cigotuvi's Dreadful Rot  Necr/Pois/Air  6%         N/A       24%         2
 Ensorcelled Hibernation  Hex/Ice        4%         N/A       28%         2
 Passwall                 Tmut/Erth      1%         N/A       28%         2
 Poisonous Vapours        Pois/Air       4%         N/A       28%         2
 Hailstorm                Conj/Ice       6%         3d4       30%         3
 Mephitic Cloud           Conj/Pois/Air  5%         N/A       36%         3
 Inner Flame              Hex/Fire       2%         N/A       50%         3
 Swiftness                Air            2%         N/A       50%         3
 Dispel Undead            Necr           6%         3d8       71%         4
 Flame Wave               Conj/Fire      6%         2d5       71%         4
 Sticky Flame             Conj/Fire      6%         2d3       71%         4
 Freezing Cloud           Conj/Ice/Air   2%         6-21      98%         5
 Death Channel            Necr           3%         N/A       100%        6


Dungeon Overview and Level Annotations

Branches:
Dungeon (3/15)

Altars:
The Shining One


Innate Abilities, Weirdness & Mutations

You are too large for most types of armour.
You have tough skin. (AC +1)


Message History

You barely miss the hobgoblin zombie.
The hobgoblin zombie is almost destroyed.
You hit the hobgoblin zombie.
You destroy the hobgoblin zombie!
A kobold zombie comes into view.
The white imp misses you.
The hobgoblin zombie closely misses you.
There is an open door here.
You hit the white imp.
The white imp is heavily wounded.
The white imp hits you. The white imp freezes you.
The hobgoblin zombie hits you.
You hit the white imp.
The white imp is heavily wounded.
The white imp hits you. The white imp freezes you.
The hobgoblin zombie hits you.
You closely miss the white imp.
The white imp is heavily wounded.
The white imp closely misses you.
You barely miss the hobgoblin zombie. The hobgoblin zombie hits you.
You barely miss the hobgoblin zombie.
The hobgoblin zombie closely misses you.
You barely miss the hobgoblin zombie. You barely miss the white imp.
The white imp is heavily wounded.
You hit the white imp.
The white imp is severely wounded.
The white imp gestures at you. The puff of frost hits you!
* * * LOW HITPOINT WARNING * * *
Casting: Kiss of Death (safe; 8% risk of failure)
Confirm with . or Enter, or press ? or * to list all spells.
Aiming: Momentum Strike (safe; 16% risk of failure)
Press: ? - help, Dir - move target, f - white imp
Aim: a white imp (severely wounded, 68% to hit)
The concentrated momentum misses the white imp.
The white imp hits you.
* * * LOW HITPOINT WARNING * * *
The white imp freezes you.
You die...

...............##...#
.................#...
................#...
.###................
.###+#.##................
#......#.................
.#....Z#.................
...._.Z5.................
##.....#@...............#
.......##....>...[.....##
####.## #................
#. #....####....#### .
.....# .... . .....# .. #
## ...## ####


You could see a white imp, a hobgoblin zombie and a kobold zombie.

Vanquished Creatures
  2 adders (D:2)
  A worm (D:2)
  5 endoplasms
  A giant cockroach (D:1)
  5 goblins
  2 hobgoblins
  A quokka (D:1)
  2 ball pythons (D:1)
  7 bats
  2 frilled lizards
  2 hobgoblin zombies (D:3)
  2 kobolds
  A kobold skeleton (D:3)
  An orc skeleton (D:3)
  3 rats
37 creatures vanquished.

Notes
Turn   | Place    | Note
-------+----------+-------------------------------------------
     0 | D:1      | zlionsfan the Ogre Reaver began the quest for the Orb.
     0 | D:1      | Reached XP level 1. HP: 22/22 MP: 3/3
   168 | D:1      | Reached XP level 2. HP: 21/23 MP: 2/5
   214 | D:1      | Learned a level 2 spell: Momentum Strike
   835 | D:2      | Reached XP level 3. HP: 26/30 MP: 5/7
   846 | D:2      | Reached skill level 1 in Necromancy
  1429 | D:3      | Found a glowing golden altar of the Shining One.
  1459 | D:3      | Slain by a white imp

Illustrated notes

Levels and vault maps discovered:
D:1:      dpeg_arrival_radiant, layout_basic
D:2:      layout_basic, minmay_tree_intersection, minmay_misc_feat_plants,
          minivault_24, hex_tiny, corexii_shack
D:3:      lemuel_castle_with_subvaults [lemuel_castle_interior_carwin_3],
          layout_basic, nicolae_ru_great_annihilating_truth, minitemple,
          nicolae_tso_besieged_by_evil, serial_shops, shop,
          gup_sewer_entry_glass, hangedman_decor_points, uniq_grinder

Skill      XL: |  1  2  3 |
---------------+----------+-----
Fighting       | 3 |  3.3
Necromancy     | 1 |  1.4
Polearms       | |  3.4
Throwing       | |  0.1
Dodging        | |  1.8
Stealth        | |  0.1
Spellcasting   | |  2.8
Conjurations   | |  2.9

Action                     || total
---------------------------++-------
  Melee: Spear             ||   121
  Throw: Javelin           ||    11
   Cast: Kiss of Death     ||     5
         Momentum Strike   ||     3
   Stab: Distracted        ||     1
 Armour: Robe              ||    36
  Dodge: Dodged            ||    52

Table legend: (Time is in decaauts)
 A = Elapsed time spent in this place.
 B = Non-inter-level travel time spent in this place.
 C = Inter-level travel time spent in this place.
 D = Time resting spent in this place.
 E = Time spent auto-exploring this place.
 F = Levels seen in this place.
 G = Mean time per level.
                   A        B        C        D        E       F      G
               +--------+--------+--------+--------+--------+-----+--------+
         Total |   1455 |   1383 |     72 |     55 |    982 |   3 |  485.0 |
       Dungeon |   1455 |   1383 |     72 |     55 |    982 |   3 |  485.0 |
               +--------+--------+--------+--------+--------+-----+--------+

Top non-repeatable levels by time:
     D:2: 725 daAuts
     D:1: 604 daAuts
     D:3: 126 daAuts
